 Dungeon Crawl Stone Soup version 0.21.1-1-g345015f (webtiles) character file.

94 Maskull the Ruffian (level 4, 0/44 HPs)
             Began as a Troll Monk on July 13, 2018.
             Was a Believer of Cheibriados.
             Slain by a goblin (6 damage)
             ... led by Robin
             ... on level 2 of the Dungeon.
             The game lasted 00:02:47 (1199 turns).

Maskull the Ruffian (Troll Monk)                    Turns: 1199, Time: 00:02:48

Health: 0/44       AC:  5    Str: 25    XL:     4   Next: 38%
Magic:  3/3        EV: 11    Int: 11    God:    Cheibriados [**....]
Gold:   64         SH:  0    Dex: 17    Spells: 3/3 levels left

rFire    . . .     SeeInvis .     - Unarmed
rCold    . . .     Gourm    +   (no shield)
rNeg     . . .     Faith    .   a - +0 robe
rPois    .         Spirit   .   (helmet restricted)
rElec    .         Reflect  .   (no cloak)
rCorr    .         Harm     .   (gloves unavailable)
MR       .....                  (boots unavailable)
Stlth    ++........             (no amulet)
HPRegen  0.54/turn              (no ring)
MPRegen  0.08/turn              (no ring)

@: about to teleport, flying, hasted, quick
A: large, unfitting armour, claws 3, fast metabolism 3, gourmand, regeneration
1, shaggy fur 1, tough skin 2
a: Bend Time, Renounce Religion


You were on level 2 of the Dungeon.
You worshipped Cheibriados.
Cheibriados was pleased with you.
You were full.

You visited 1 branch of the dungeon, and saw 2 of its levels.

You collected 64 gold pieces.

Inventory:

Armour
 a - a +0 robe (worn)
Jewellery
 f - an uncursed ring of poison resistance {unknown}
 l - a cursed -2 ring of dexterity {unknown}
Scrolls
 c - a scroll of enchant armour {unknown}
 d - 2 scrolls of teleportation
 e - a scroll of blinking {unknown}
 g - 2 scrolls of identify {unknown}
 i - 2 scrolls of enchant weapon {unknown}
 k - a scroll of remove curse {unknown}
 n - a scroll of fear {unknown}
 o - a scroll of magic mapping {unknown}
 p - a scroll of amnesia {unknown}
Potions
 h - a potion of haste
 m - a potion of flight
Comestibles
 b - 6 rations


   Skills:
 + Level 2.8 Fighting
 + Level 2.9 Dodging
 + Level 1.2 Stealth
 + Level 4.3 Unarmed Combat


You had 3 spell levels left.
You didn't know any spells.

Dungeon Overview and Level Annotations

Branches:
Dungeon (2/15)

Altars:
Cheibriados

Annotations:
D:2 Robin


Innate Abilities, Weirdness & Mutations

You are too large for most types of armour.
You have claws for hands.
Your metabolism is lightning-fast.
You like to eat raw meat.
Your natural rate of healing is unusually fast.
You are covered in fur. (AC +1)
You have very tough skin. (AC +2)


Message History

The goblin barely misses you. x2
The goblin shouts!
You closely miss the goblin.
The goblin is severely wounded.
The goblin no longer looks unusually strong.
The bat hits you but does no damage. The goblin hits you.
* * * LOW HITPOINT WARNING * * *
The goblin hits you with a club.
* * * LOW HITPOINT WARNING * * *
It was a potion of curing.
You feel better. The bat hits you.
* * * LOW HITPOINT WARNING * * *
The goblin hits you.
* * * LOW HITPOINT WARNING * * *
The goblin closely misses you. The bat hits you but does no damage.
As you read the scroll labeled RAAQIWESOO, it crumbles to dust.
You feel strangely unstable.
It was a scroll of teleportation.
The goblin no longer looks unusually strong.
The bat barely misses you. The goblin barely misses you.
The goblin closely misses you. The goblin hits you.
You die...

#......... ...#
###.####.### #..#
#...>....# #g.# #
#.#.###### #g.#
###.#.# #gg# #...#.#
#gg#
#.#.#.##########gg#
#.#.#..........gbg#
#.#.......######@g#
....#.......# #g##
#.#######.#.# #.#
#.# #.#.## #.# ..#
#....# #.#
.#########...###.###
..........#...>....#
.####...##...###.#.#
.........##..# #<#.#


You could see Robin, 3 hobgoblins, 8 goblins and a bat.

Vanquished Creatures
  3 gnolls (D:2)
  An ooze (D:2)
  2 worms (D:2)
  2 dart slugs
  A leopard gecko (D:2)
  2 giant cockroaches
  4 goblins
  10 hobgoblins
  4 jackals (D:2)
  2 ball pythons (D:2)
  7 bats
  3 frilled lizards
  4 kobolds
  4 rats
49 creatures vanquished.

Notes
Turn   | Place    | Note
-------+----------+-------------------------------------------
     0 | D:1      | Maskull the Troll Monk began the quest for the Orb.
     0 | D:1      | Reached XP level 1. HP: 22/22 MP: 0/0
   213 | D:1      | Reached XP level 2. HP: 29/29 MP: 1/1
   633 | D:2      | Reached XP level 3. HP: 36/36 MP: 2/2
   702 | D:2      | Reached skill level 4 in Unarmed Combat
   706 | D:2      | Reached XP level 4. HP: 25/44 MP: 3/3
   872 | D:2      | Found a snail-covered altar of Cheibriados.
   946 | D:2      | Became a worshipper of Cheibriados the Contemplative
   946 | D:2      | Reached * piety under Cheibriados
   946 | D:2      | Reached ** piety under Cheibriados
  1180 | D:2      | Noticed Robin
  1199 | D:2      | Slain by a goblin

Skill      XL: |  1  2  3 |
---------------+----------+-----
Unarmed Combat | 4 |  4.3
Fighting       | |  2.8
Dodging        | |  2.9
Stealth        | |  1.2

Action                   |  1- 3 |  4- 6 || total
-------------------------+-------+-------++-------
Melee: Unarmed           |    77 |    45 ||   122
       Punch             |     1 |     1 ||     2
  Use: Potion            |       |     3 ||     3
       Scroll            |       |     1 ||     1
 Stab: Sleeping          |     1 |     1 ||     2
  Eat: Chunk             |    11 |     1 ||    12
Armor: Robe              |    34 |    36 ||    70
Dodge: Dodged            |    50 |    64 ||   114
